 Dungeon Crawl Stone Soup version 0.31-a0-1074-g0b22e4e0f1 (webtiles) character file.

Game seed: 16088700135984963930

46 javelincjr the Ruffian (level 3, -3/31 HPs)
             Began as a Ghoul Gladiator on Dec 6, 2023.
             Slain by Crazy Yiuf
             ... wielding a +4 quarterstaff of chaos
              (4 damage)
             ... on level 2 of the Dungeon.
             The game lasted 00:03:11 (1104 turns).

javelincjr the Ruffian (Ghoul Gladiator)            Turns: 1104, Time: 00:03:11

Health: -3/31      AC:  6    Str: 19    XL:     3   Next: 68%
Magic:  2/2        EV: 11    Int:  7    God:
Gold:   106        SH:  0    Dex: 10    Spells: 2/2 levels left

rFire   . .          .
                       - Unarmed
rCold   + . .        (no shield)
rNeg    + + +        h - +0 ring mail
rPois   ∞            b - +0 helmet
rElec   .            (no cloak)
rCorr   .            (no gloves)
SInv    .            (no boots)
Will    .....        (no amulet)
Stlth   +            (no ring)
HPRegen 0.00/turn    (no ring)
MPRegen 0.08/turn

%: no passive effects
@: inhibited regen
A: claws 1, cold resistance 1, negative energy resistance 3, inhibited
regeneration, torment resistance 2, devour on kill
a: no special abilities


You were on level 2 of the Dungeon.
You visited 1 branch of the dungeon, and saw 2 of its levels.

You collected 106 gold pieces.

Inventory:

Missiles
 c - 3 throwing nets (quivered)
 d - a javelin
Armour
 a - a +0 leather armour
 b - a +0 helmet (worn)
 h - a +0 ring mail (worn)
Scrolls
 e - 2 scrolls of identify {unknown}
 g - a scroll of blinking {unknown}
Potions
 f - 2 potions of cancellation {unknown}


   Skills:
 * Level 3.1 Fighting
 - Level 1.7 Throwing
 + Level 1.0 Armour
 + Level 3.0 Dodging
 + Level 1.1 Stealth
 + Level 3.5 Unarmed Combat


You had 2 spell levels left.
You didn't know any spells.
Your spell library was empty.

Dungeon Overview and Level Annotations

Branches:
Dungeon (2/15)

Altars:

Annotations:
D:2 Crazy Yiuf


Innate Abilities, Weirdness & Mutations

You are immune to poison.
You have sharp fingernails.
Your flesh is cold resistant. (rC+)
You are immune to negative energy. (rN+++)
You do not regenerate when monsters are visible.
You are immune to unholy pain and torment.
You thrive by killing the living.


Message History

You closely miss the kobold. You claw the kobold!
You kill the kobold!
The giant cockroach bites you but does no damage.
You scratch the giant cockroach.
The giant cockroach is severely wounded.
The giant cockroach completely misses you.
You claw the giant cockroach!
You kill the giant cockroach!
No target in view!
No target in view!
Found a stone staircase leading down.
Found an escape hatch in the ceiling.
No target in view!
There is an escape hatch in the ceiling here.
You now have 89 gold pieces (gained 12).
You now have 106 gold pieces (gained 17).
Found a hammer.
Found a runed translucent door.
Crazy Yiuf shouts!
As you open the door, it creaks loudly!
You scratch Crazy Yiuf.
Crazy Yiuf is moderately wounded.
Crazy Yiuf hits you with a +4 quarterstaff of chaos!
You scratch Crazy Yiuf but do no damage.
Crazy Yiuf is moderately wounded.
Crazy Yiuf hits you with a +4 quarterstaff of chaos.
You convulse.
You claw Crazy Yiuf!
Crazy Yiuf is severely wounded.
Crazy Yiuf laughs, "Millenium alas leg!"
Crazy Yiuf hits you with a +4 quarterstaff of chaos!
* * * LOW HITPOINT WARNING * * *
You scratch Crazy Yiuf but do no damage.
Crazy Yiuf is severely wounded.
Crazy Yiuf hits you with a +4 quarterstaff of chaos!
* * * LOW HITPOINT WARNING * * *
You blink.
Crazy Yiuf attacks as he pursues you!
Crazy Yiuf hits you with a +4 quarterstaff of chaos.
You die...

#.[# ## #..#
#>#####.<#
## #.#)....#
#.###.....##
##.#.#.##.#
#.#.#..##.#
#####
.####...#.#
#..)# .#
#.....#
#..@# .##
#...#.#
#..g#
#.###..##.#
##'##
##...#.##.#
♣♣.♣
###.##.##.#
♣.♣♣
....##.##.#
♣♣.♣
######.##.#
♣.♣♣ #.##.#
♣♣.♣♣ #.##<#
♣.PP♣♣


You could see Crazy Yiuf.

Vanquished Creatures
  4 dart slugs (D:1)
  2 ball pythons (D:1)
  2 endoplasms (D:1)
  A giant cockroach (D:2)
  6 goblins (D:1)
  7 hobgoblins (D:1)
  4 kobolds
  5 bats (D:1)
  A frilled lizard (D:1)
  4 rats (D:1)
36 creatures vanquished.

Notes
Turn   | Place    | Note
-------+----------+-------------------------------------------
     0 | D:1      | javelincjr the Ghoul Gladiator began the quest for the Orb.
     0 | D:1      | Reached XP level 1. HP: 17/17 MP: 0/0
   160 | D:1      | Reached XP level 2. HP: 25/25 MP: 1/1
   427 | D:1      | Reached skill level 1 in Stealth
   431 | D:1      | Reached XP level 3. HP: 30/30 MP: 2/2
   962 | D:1      | Reached skill level 1 in Armour
  1095 | D:2      | Found a runed translucent door.
  1096 | D:2      | Noticed Crazy Yiuf
  1103 | D:2      | HP: 1/31 [Crazy Yiuf/+4 quarterstaff of chaos (7)]
  1104 | D:2      | Slain by Crazy Yiuf

Illustrated notes

Levels and vault maps discovered:
D:1:      dpeg_arrival_morbid_curiosity, layout_basic
D:2:      kennysheep_big_flooded_room, layout_loops_ring,
          shapermc_ecumenical_altar_venn, serial_shops, nicolae_shop_peninsula,
          nicolae_shop_back_alley_shop, shop, uniq_sigmund,
          uniq_crazy_yiuf_cottage

Skill      XL: |  1  2  3 |
---------------+----------+-----
Stealth        | 1 |  1.1
Fighting       | 3 |  3.1
Dodging        | 3 |  3.0
Armour         | 1 |  1.0
Throwing       | |  1.7
Unarmed Combat | |  3.5

Action                     || total
---------------------------++-------
  Melee: Unarmed           ||    75
         Punch             ||     2
   Stab: Sleeping          ||     1
 Armour: Leather armour    ||    38
         Ring mail         ||     8
  Dodge: Dodged            ||    38

Table legend: (Time is in decaauts)
 A = Elapsed time spent in this place.
 B = Non-inter-level travel time spent in this place.
 C = Inter-level travel time spent in this place.
 D = Time resting spent in this place.
 E = Time spent auto-exploring this place.
 F = Levels seen in this place.
 G = Mean time per level.
                   A        B        C        D        E       F      G
               +--------+--------+--------+--------+--------+-----+--------+
         Total |   1098 |    982 |    116 |      0 |    787 |   2 |  549.0 |
       Dungeon |   1098 |    982 |    116 |      0 |    787 |   2 |  549.0 |
               +--------+--------+--------+--------+--------+-----+--------+

Top non-repeatable levels by time:
     D:1: 1035 daAuts
     D:2: 63 daAuts
